 Dungeon Crawl Stone Soup version 0.26-a0-639-g72c4674329 (webtiles) character file.

Game seed: 10056558185117187658

98 Hastur the Covered (level 5, -2/36 HPs)
             Began as a Halfling Fighter on Sept 18, 2020.
             Slain by an orc wizard
             ... wielding a +0 dagger
              (3 damage)
             ... on level 3 of the Dungeon.
             The game lasted 00:03:25 (1939 turns).

Hastur the Covered (Halfling Fighter)               Turns: 1939, Time: 00:03:26

Health: -2/36      AC:  8    Str: 18    XL:     5   Next: 1%
Magic:  5/5        EV: 10    Int:  6    God:
Gold:   188        SH:  9    Dex: 14    Spells: 4/4 levels left

rFire    . . .     SeeInvis .   a - +0 long sword
rCold    . . .     Faith    .   c - +0 kite shield
rNeg     . . .     Spirit   .   b - +0 scale mail
rPois    .         Reflect  .   e - +0 helmet
rElec    .         Harm     .   (no cloak)
rCorr    .         Rampage  .   (no gloves)
MR       .....                  (no boots)
Stlth    ..........             (no amulet)
HPRegen  0.12/turn              (no ring)
MPRegen  0.09/turn              (no ring)

@: no status effects
A: small, mutation resistance 1
a: no special abilities


You were on level 3 of the Dungeon.
You visited 1 branch of the dungeon, and saw 3 of its levels.

You collected 188 gold pieces.

Inventory:

Hand Weapons
 a - a +0 long sword (weapon)
Armour
 b - a +0 scale mail (worn)
 c - a +0 kite shield (worn)
 e - a +0 helmet (worn)
   (You found it on level 1 of the Dungeon)
Scrolls
 f - 3 scrolls of identify {unknown}
 g - a scroll of magic mapping {unknown}
 i - a scroll of teleportation {unknown}
 k - a scroll of enchant weapon {unknown}
Potions
 d - a potion of might
 h - a potion of berserk rage {unknown}
 j - a potion of curing {unknown}


   Skills:
 + Level 3.2 Fighting
 * Level 3.3 Long Blades
 + Level 3.9 Armour
 + Level 1.8 Dodging
 - Level 3.2 Shields


You had 4 spell levels left.
You didn't know any spells.
Your spell library was empty.

Dungeon Overview and Level Annotations

Branches:
Dungeon (3/15)

Altars:


Innate Abilities, Weirdness & Mutations

You are small and have problems with some larger weapons.
You are somewhat resistant to further mutation.


Message History

Your scale mail prevents you from hitting something.
Something hits you but does no damage. Something hits you.
Something hits you but does no damage.
You miss something. Something completely misses you.
Unknown command.
You miss something. Something hits you but does no damage.
Something hits you but does no damage.
You closely miss something.
You hear some strange, mumbled words.
A puff of frost appears from out of thin air!
The puff of frost hits you but does no damage.
Something hits you but does no damage.
You hit something.
You hear some strange, mumbled words.
A magic dart appears from out of thin air!
The magic dart hits you but does no damage.
You hear some strange, mumbled words.
A magic dart appears from out of thin air!
The magic dart hits you.
Unknown command.
You hit something but do no damage. Something hits you but does no damage.
Something hits you but does no damage.
You hit something.
You hear some strange, mumbled words.
A puff of frost appears from out of thin air!
The puff of frost misses you.
You hear some strange, mumbled words.
A puff of flame appears from out of thin air!
The puff of flame hits you!
* * * LOW HITPOINT WARNING * * *
You barely miss something. Something hits you but does no damage.
Something hits you but does no damage. Something hits you.
* * * LOW HITPOINT WARNING * * *
You closely miss something. Something hits you but does no damage.
Something hits you.
* * * LOW HITPOINT WARNING * * *
Unknown command.
You closely miss something.
You hear some strange, mumbled words.
A magic dart appears from out of thin air!
The magic dart hits you!
* * * LOW HITPOINT WARNING * * *
Something hits you.
You die...

#...)(.......
#.##.##)#.#.#
###o##.#.......
#.......#.#.#.#
######s#.##.#.>....
#....o.#.##.##.#
#.#
#.######........ ..
#.{.# ####...... .
###@# ##. #.# #.#
#.# #.# #.# ... #.#


There were no monsters in sight!

Vanquished Creatures
  2 adders (D:2)
  2 oozes (D:2)
  A worm (D:2)
  3 dart slugs
  2 leopard geckos
  4 orcs
  6 giant cockroaches
  5 goblins
  5 hobgoblins
  3 jackals (D:1)
  5 kobolds
  A quokka (D:3)
  6 bats
  2 frilled lizards
  8 rats
55 creatures vanquished.

Notes
Turn   | Place    | Note
-------+----------+-------------------------------------------
     0 | D:1      | Hastur the Halfling Fighter began the quest for the Orb.
     0 | D:1      | Reached XP level 1. HP: 15/15 MP: 1/1
   222 | D:1      | Reached XP level 2. HP: 16/20 MP: 2/2
   502 | D:1      | Reached XP level 3. HP: 25/25 MP: 3/3
   813 | D:1      | Reached skill level 1 in Dodging
  1058 | D:2      | Reached XP level 4. HP: 31/31 MP: 4/4
  1925 | D:3      | Reached XP level 5. HP: 34/36 MP: 5/5
  1939 | D:3      | HP: 1/36 [something/magic dart (7)]
  1939 | D:3      | Slain by an orc wizard

Illustrated notes

Levels and vault maps discovered:
D:1:      dpeg_arrival_pits, layout_basic
D:2:      layout_loops_ring, minmay_pentomino_u2
D:3:      layout_loops_cross, old_standard_altar,
          nicolae_overflow_hidden_temple, st_stairs_8, uniq_terence, uniq_robin,
          uniq_crazy_yiuf_cottage

Skill      XL: |  1  2  3  4 |
---------------+-------------+-----
Dodging        | 1 |  1.8
Fighting       | 3 |  3.2
Long Blades    | 3 |  3.3
Armour         | |  3.9
Shields        | |  3.2

Action                   |  1- 3 |  4- 6 || total
-------------------------+-------+-------++-------
Melee: Long sword        |    86 |   118 ||   204
Armor: Scale mail        |    35 |    55 ||    90
Dodge: Dodged            |    44 |    34 ||    78
Block: Kite shield       |    53 |    51 ||   104
       Rpst.: Long sword |    15 |     6 ||    21

Table legend: (Time is in decaauts)
 A = Elapsed time spent in this place.
 B = Non-inter-level travel time spent in this place.
 C = Inter-level travel time spent in this place.
 D = Time resting spent in this place.
 E = Time spent auto-exploring this place.
 F = Levels seen in this place.
 G = Mean time per level.
                   A        B        C        D        E       F      G
               +--------+--------+--------+--------+--------+-----+--------+
         Total |   2010 |   1955 |     55 |    271 |   1227 |   3 |  670.0 |
       Dungeon |   2010 |   1955 |     55 |    271 |   1227 |   3 |  670.0 |
               +--------+--------+--------+--------+--------+-----+--------+

Top non-repeatable levels by time:
     D:2: 996 daAuts
     D:1: 896 daAuts
     D:3: 117 daAuts
